 Dungeon Crawl Stone Soup version 0.31-a0-997-g9a2f3ff (webtiles) character file.

Game seed: 11947778125833713508

113453 Orb the Convoker (level 16, -7/87 HPs)
             Began as a Demonspawn Summoner on Nov 7, 2023.
             Was the Champion of Hepliaklqana.
             Killed from afar by Asterion (33 damage)
             ... with an iron shot
             ... on level 2 of the Spider Nest.
             The game lasted 01:16:50 (32041 turns).

Orb the Convoker (Demonspawn Summoner)             Turns: 32041, Time: 01:16:52

Health: -7/87      AC: 19    Str:  8    XL:     16   Next: 14%
Magic:  12/38      EV: 16    Int: 23    God:    Hepliaklqana [******]
Gold:   2553       SH:  5    Dex: 19    Spells: 16/52 levels left

rFire   + + .        a - +8 sling of Fijin {elec, rPois Dex+3}
rCold   . . .        N - +0 buckler
rNeg    . . .        f - +1 leather armour {rF+}
rPois   +            s - +2 hat
rElec   .            R - +2 cloak
rCorr   .            e - +0 pair of gloves
SInv    .            (no boots)
Will    +....        u - amulet of magic regeneration
Stlth   ++           d - +4 ring of protection
HPRegen 0.34/turn    Q - ring of wizardry
MPRegen 0.66/turn

%: wizardry (x1)
@: mighty, agile, forested
A: reduced essence, horns 2, molten scales 3, powered by pain 1, demonic magic
1, shaggy fur 1
a: Renounce Religion, Recall Ancestor, Ancestor Identity, Transference, Idealise


You were on level 2 of the Spider Nest.
You worshipped Hepliaklqana.
Hepliaklqana was exalted by your worship.
You visited 5 branches of the dungeon, and saw 25 of its levels.
You also visited: Ossuary and Bailey.

You collected 3058 gold pieces.
You spent 505 gold pieces at shops.

Inventory:

Hand Weapons
 a - the +8 sling of Fijin (weapon) {elec, rPois Dex+3}
   (You found it on level 15 of the Dungeon)

   Dex+3:     It affects your dexterity (+3).
   rPois:     It protects you from poison
 o - a +6 dagger of venom
 S - the +4 Maxwell's thermic engine {flame, freeze, rev}
   (You took it off an orc wizard on level 2 of the Orcish Mines)
Missiles
 C - 2 throwing nets
Armour
 e - a +0 pair of gloves (worn)
 f - a +1 leather armour of fire resistance (worn)
 s - a +2 hat (worn)
 N - a +0 buckler (worn)
 R - a +2 cloak (worn)
Jewellery
 d - a +4 ring of protection (left hand)
 u - an amulet of magic regeneration (around neck)
 y - the ring "Ruoptiap" {Fly rPois rF++ Will+ MP-9}
   (You found it in a bailey)

   [ring of flight]

   rF++:      It greatly protects you from fire.
   rPois:     It protects you from poison Will+: It increases your willpower.
   MP-9:      It affects your magic capacity (-9).
   Fly:       It grants you flight.
 K - an amulet of faith
 M - a ring of ice
 Q - a ring of wizardry (right hand)
Wands
 q - a wand of roots (22)
 w - a wand of flame (53)
 B - a wand of quicksilver (26)
 D - a wand of charming (12)
 J - a wand of polymorph (4)
 P - a wand of mindburst (4)
Scrolls
 c - 10 scrolls of identify
 g - 2 scrolls of vulnerability
 j - 4 scrolls of fog
 r - 6 scrolls of teleportation
 x - 4 scrolls of poison
 E - 3 scrolls of blinking
 F - 3 scrolls of fear
 G - 3 scrolls of enchant weapon
 I - 5 scrolls of immolation
 O - a scroll of amnesia
Potions
 b - 2 potions of magic
 h - 12 potions of enlightenment
 i - 13 potions of curing
 k - 4 potions of haste
 l - a potion of ambrosia
 m - 4 potions of resistance
 n - 3 potions of brilliance
 p - 2 potions of invisibility
 t - a potion of mutation
 v - 3 potions of lignification
 z - 3 potions of heal wounds
 H - a potion of might
 L - a potion of cancellation
Miscellaneous
 A - a lightning rod (4/4)


   Skills:
 + Level 0.5 Fighting
 + Level 0.6 Short Blades
 + Level 0.3 Ranged Weapons
 + Level 3.3 Armour
 + Level 2.5 Dodging
 + Level 2.9 Stealth
 + Level 0.3 Shields
 * Level 18.7 Spellcasting
 + Level 4.6 Hexes
 * Level 19.8 Summonings
 + Level 1.6 Translocations
 + Level 2.1 Air Magic


You had 16 spell levels left.
You knew the following spells:

 Your Spells              Type           Power      Damage    Failure   Level
a - Summon Small Mammal   Summ           100%       N/A       0%          1
b - Call Imp              Summ           100%       N/A       0%          2
c - Call Canine Familiar  Summ           85%        N/A       0%          3
d - Summon Guardian Gole  Hex/Summ       67%        N/A       1%          3
e - Summon Lightning Spi  Summ/Air       64%        N/A       1%          4
f - Summon Hydra          Summ           42%        N/A       1%          7
g - Summon Cactus Giant   Summ           42%        N/A       1%          6
h - Summon Forest         Summ/Tloc      31%        N/A       1%          5
i - Summon Mana Viper     Hex/Summ       67%        N/A       1%          5

Your spell library contained the following spells:

 Spells                   Type           Power      Damage    Failure   Level
 Ensorcelled Hibernation  Hex/Ice        64%        N/A       1%          2
 Poisonous Vapours        Pois/Air       52%        N/A       1%          2
 Static Discharge         Conj/Air       52%        3-6/arc   1%          2
 Tukima's Dance           Hex            43%        N/A       1%          3
 Magic Dart               Conj           84%        1d7       2%          1
 Necrotise                Necr           84%        1d8       2%          1
 Sting                    Tmut/Pois      84%        1d7       2%          1
 Cigotuvi's Dreadful Rot  Necr/Pois/Air  48%        N/A       2%          2
 Inner Flame              Hex/Fire       32%        N/A       2%          3
 Searing Ray              Conj           42%        2d6       3%          2
 Sublimation of Blood     Necr           21%        N/A       3%          2
 Wereblood                Tmut           21%        N/A       3%          2
 Vampiric Draining        Necr           21%        2d7       6%          3
 Dimensional Bullseye     Hex/Tloc       18%        N/A       6%          4
 Airstrike                Air            15%        2d(3-19)  9%          4
 Fulminant Prism          Conj/Hex       16%        3d11      9%          4
 Vhi's Electric Charge    Tloc/Air       60%        N/A       10%         4
 Manifold Assault         Tloc           29%        N/A       11%         4
 Iskenderun's Mystic Bla  Conj/Tloc      25%        2d7       16%         4
 Animate Dead             Necr           21%        N/A       21%         4
 Dispel Undead            Necr           21%        3d11      21%         4
 Flame Wave               Conj/Fire      21%        2d8       21%         4
 Olgreb's Toxic Radiance  Pois           21%        N/A       21%         4
 Sticky Flame             Conj/Fire      21%        2d4       21%         4
 Arcjolt                  Conj/Air       13%        1d23      34%         5
 Agony                    Necr           21%        N/A       47%         5
 Borgnjor's Vile Clutch   Necr/Erth      10%        N/A       47%         5
 Dispersal                Tloc           14%        N/A       82%         6
 Plasma Beam              Fire/Air       13%        2x1d24    87%         6
 Death Channel            Necr           10%        N/A       95%         6
 Disjunction              Tloc           14%        N/A       100%        8


Dungeon Overview and Level Annotations

Branches:
Dungeon (15/15)            Temple (1/1) D:4            Lair (5/5) D:10
  Swamp (0/4) Lair:2       Spider (2/4) Lair:3        Slime (0/5) Lair:5
    Orc (2/2) D:10            Elf (0/3) Orc:2        Vaults (0/5) D:13
 Depths (0/4) D:15        Ossuary (visited)          Bailey (visited)

Altars:
Ashenzari
Cheibriados
Dithmenos
Fedhas
Gozag
Hepliaklqana
Kikubaaqudgha
Makhleb
Nemelex Xobeh
Okawaru
Qazlal
Ru
Sif Muna
Trog
Uskayaw
Vehumet
Wu Jian
Xom
Yredelemnul

Shops:
Orc:1 !   Orc:2 [=*!

Portals:
Trove: D:15 (give +6 demon trident)

Annotations:
D:3 3 runed translucent doors, Radamante's ghost, weakling TrFi
D:5 1 runed translucent door, ooops's ghost, novice OpCj
Lair:2 2 transporters, happymeat's ghost, journeyman DEIE
Lair:3 3 runed translucent doors, Luilaip's ghost, journeyman GnFi
Spider:2 Asterion
Orc:1 1 transporter


Innate Abilities, Weirdness & Mutations

Your life essence is reduced to manifest your ancestor. (-10% HP)
You have a pair of horns on your head.
You are completely covered in molten scales. (AC +4, rF+)
You sometimes gain a little power by taking damage.
Spells you cast may paralyse adjacent enemies.
You are covered in fur. (AC +1)


Message History

Malevolent energies surge around you.
A tree reaches out and hits the +1 spectral demon blade!
Asterion shares his spectral weapon's damage!
A tree reaches out and hits Asterion!
Asterion blocks Necuametl's attack.
Necuametl hits the +1 spectral demon blade with a +0 broad axe of flaming.
Asterion shares his spectral weapon's damage!
Asterion hits Necuametl with a +1 spectral demon blade!!
Necuametl is destroyed!
The boulder beetle hits your five-headed hydra!!
The boulder beetle stops rolling and uncurls.
Your five-headed hydra bites the boulder beetle but does no damage. x4
Your five-headed hydra bites the boulder beetle.
Your dryad barely misses the boulder beetle.
Casting: Summon Mana Viper (mildly dangerous; 1% risk of failure)
Confirm with . or Enter, or press ? or * to list all spells.
Malevolent energies surge around you. Branches wave dangerously above you.
A root smacks the balrug from below!
The +1 spectral demon blade is hit by a branch!
Asterion shares his spectral weapon's damage!
A tree reaches out and hits Asterion!
The balrug hits your five-headed hydra with a +2 demon whip of freezing!!
The balrug freezes your five-headed hydra.
Your five-headed hydra dies!
Your five-headed hydra's corpse disappears in a puff of smoke!
The +1 spectral demon blade disappears.
The boulder beetle leaps!
You feel roots moving beneath the ground.
A root smacks the balrug from below!
A root smacks Asterion from below!
Your mana viper is caught in a web!
The balrug gestures at you.
The fireball explodes!
The fireball engulfs you!! You resist.
* * * LOW HITPOINT WARNING * * *
You focus on the pain.
You feel agile all of a sudden.
The fireball engulfs your cactus giant!!!
The fireball engulfs your eight-headed hydra!!!
Asterion conjures a destructive force in the name of Makhleb!
The iron shot hits you!!
You die...
Asterion bellows, "I am king!
All will kneel!"

##.##..###
^###...#.## ^..
...##.....## #♣♣..#
....##.....#
###♣....
##...#..#^.###B....#
.....#####♣♣.#...^^#
#......#......S.♣..#
#####........^...D.♣
#.#.......#.♣..C@..#
........#.#.#.#♣..R#
.#....†##^#.#.##.§.♣
####..#..#.#.#.##○2♣
.#....#.###.# # #..#
..†...#.# ###.# #..#
..##..##. #....♣H.#
...##..## #..♣#
...##...# #.♣.♣


You could see Asterion, a balrug (summoned, ally target), a boulder beetle
(distracted, ally target), a friendly eight-headed hydra (summoned), a friendly
dryad (summoned), a friendly mana viper (summoned, webbed) and a friendly cactus
giant (summoned).

Vanquished Creatures
  A wolf spider (Spider:2)
  2 blink frogs
  A yak (Lair:2)
  A vampire mosquito (D:11)
  A water moccasin (Lair:1)
  An ice beast (D:4)
  3 bullfrogs
  A scorpion (D:5)
  A hound (D:5)
  An adder (D:2)
  A goblin (Bailey)
  2 bats (D:1)
  A frilled lizard (D:2)
17 creatures vanquished.

Vanquished Creatures (collateral kills)
  Arachne (Spider:2)
  Jorgrun (D:12)
  An emperor scorpion (Spider:1)
  2 orc warlords
  Nessos (Lair:4)
  2 entropy weavers
  A fire dragon (D:15)
  An ice dragon (D:15)
  7 vault guards (D:13)
  6 hydras
  2 catoblepae
  4 centaur warriors
  5 boulder beetles
  2 tengu warriors
  Erica (D:11)
  5 death yaks (Lair:3)
  3 demonic crawlers
  2 orc high priests (Orc:2)
  An occultist (D:13)
  A fire crab (shapeshifter) (D:14)
  2 skysharks (Lair:5)
  A fire crab (Lair:5)
  A pharaoh ant (Spider:2)
  2 spriggan druids (Lair:2)
  3 skeletal warriors (D:13)
  3 orb spiders
  A deep elf archer (Orc:2)
  Lodul (D:10)
  A lindwurm (Lair:5)
  3 deep elf zephyrmancers (Orc:2)
  5 wolf spiders
  4 deep elf pyromancers
  3 orc knights
  A steelbarb worm (Spider:1)
  5 orc sorcerers (Orc:2)
  10 ugly things
  5 cyclopes
  3 manticores
  4 elephants (Lair:5)
  4 black mambas
  Joseph (D:9)
  2 gargoyles (D:11)
  21 cane toads
  2 torpor snails
  2 rime drakes
  2 komodo dragons (shapeshifter) (D:13)
  15 komodo dragons
  A tengu conjurer (D:14)
  A red devil (D:12)
  A polar bear (Lair:2)
  3 trolls
  A tyrant leech (Lair:5)
  9 tarantellas
  3 hornets
  Prince Ribbit (Lair:1)
  4 nameless horrors
  25 blink frogs
  7 slime creatures
  A centaur simulacrum (D:14)
  A spriggan (Lair:3)
  4 jumping spiders
  26 yaks
  2 wraiths
  7 culicivoras
  2 shadows
  2 humans (D:13)
  A neqoxec (D:12)
  3 wyverns
  3 basilisks
  23 vampire mosquitoes
  3 steam dragons
  A chaos spawn (D:12)
  15 redbacks
  A warg (Orc:2)
  12 water moccasins
  37 orc warriors
  11 ogres
  9 centaurs
  2 kobold brigands (D:9)
  18 bullfrogs
  5 scorpions
  8 water moccasin zombies (Ossuary)
  5 wights
  14 killer bees
  6 howler monkeys
  3 electric eels
  2 crimson imps
  2 lava snakes (Lair:2)
  4 jellies
  28 orc priests
  6 hounds
  3 gnoll boudas
  Jessica (D:3)
  4 iguanas
  A sleepcap (D:6)
  Natasha (thrice) (D:2)
  40 orc wizards
  2 mummies (Ossuary)
  5 adders
  20 gnolls
  2 shadow imps (D:12)
  3 white imps
  4 ufetubi
  4 adder zombies (Ossuary)
  5 worms
  5 dart slugs
  63 orcs
  4 bats
  8 endoplasms
  3 giant cockroaches
  4 gnoll zombies (Ossuary)
  12 goblins
  7 hobgoblins
  4 quokkas
  3 ball pythons
  2 frilled lizards
  5 hobgoblin zombies (Ossuary)
  24 kobolds
  2 kobold zombies (Ossuary)
  2 orc zombies (Ossuary)
  3 rats
727 creatures vanquished.

Vanquished Creatures (others)
  An emperor scorpion (Spider:1)
  A vault guard (D:13)
  A death yak (Lair:3)
  A sun moth (Spider:1)
  A troll (D:11)
  4 blink frogs
  3 dream sheep
  A slime creature (D:12)
  A wraith (D:10)
  A culicivora (Lair:3)
  2 humans (D:13)
  7 yaks
  A redback (Spider:1)
  A vampire mosquito (D:11)
  An orc warrior (D:6)
  A sky beast (D:6)
  A phantom (D:5)
  Blork the orc (D:6)
  2 wights
  5 killer bees (D:8)
  A howler monkey (D:9)
  An orc priest (D:7)
  A sleepcap (D:4)
  2 orc wizards
  21 knights
  A gnoll (D:5)
  2 ancestors (D:6)
  A worm (D:4)
  An orc (D:7)
  9 snaplasher vines
77 creatures vanquished.

Grand Total: 821 creatures vanquished

Notes
Turn   | Place    | Note
-------+----------+-------------------------------------------
     0 | D:1      | Orb the Demonspawn Summoner began the quest for the Orb.
     0 | D:1      | Reached XP level 1. HP: 13/13 MP: 3/3
   222 | D:1      | Gained mutation: You have a pair of small horns on your
                  | head. [demonic ancestry]
   222 | D:1      | Reached XP level 2. HP: 19/19 MP: 1/5
   225 | D:1      | Learned a level 2 spell: Call Imp
  1050 | D:2      | Noticed Natasha
  1063 | D:2      | Killed Natasha
  1064 | D:2      | Gained mutation: You are partially covered in molten
                  | scales. (AC +2) [demonic ancestry]
  1064 | D:2      | Reached XP level 3. HP: 24/24 MP: 2/6
  1206 | D:2      | Learned a level 3 spell: Call Canine Familiar
  1486 | D:2      | Reached skill level 5 in Summonings
  1486 | D:2      | Gained mutation: Spells you cast may paralyse adjacent
                  | enemies. [demonic ancestry]
  1486 | D:2      | Reached XP level 4. HP: 30/30 MP: 3/8
  1760 | D:2      | Noticed Natasha
  1781 | D:2      | Killed Natasha
  2358 | D:2      | Noticed Natasha
  2368 | D:2      | Killed Natasha
  2668 | D:3      | Identified the "Ylixosta"
  2686 | D:3      | Gained mutation: You are mostly covered in molten scales.
                  | (AC +3) [demonic ancestry]
  2686 | D:3      | Reached XP level 5. HP: 33/35 MP: 3/10
  2995 | D:3      | Noticed Jessica
  3005 | D:3      | Killed Jessica
  3078 | D:3      | You fall into a shaft and drop 3 floors!
  3090 | D:5      | Entered Level 5 of the Dungeon
  3309 | D:5      | Reached XP level 6. HP: 41/41 MP: 0/12
  3479 | D:5      | Learned a level 3 spell: Summon Guardian Golem
  3677 | D:4      | Found a sand-covered staircase.
  3682 | Ossuary  | Entered an ossuary
  3716 | Ossuary  | Reached skill level 5 in Spellcasting
  3735 | Ossuary  | Reached skill level 6 in Summonings
  3743 | Ossuary  | Reached XP level 7. HP: 30/46 MP: 3/14
  4385 | D:4      | Reached skill level 7 in Summonings
  4458 | D:4      | Found a staircase to the Ecumenical Temple.
  4513 | Temple   | Entered the Ecumenical Temple
  4529 | Temple   | Became a worshipper of Hepliaklqana the Forgotten
  5258 | D:3      | Found a runed translucent gate.
  5313 | D:3      | Noticed Radamante's ghost (weakling TrFi)
  5339 | D:3      | Found a runed translucent gate.
  5339 | D:3      | Found a runed translucent gate.
  5776 | D:4      | Gained mutation: You are completely covered in molten
                  | scales. (AC +4, rF+) [demonic ancestry]
  5776 | D:4      | Reached XP level 8. HP: 52/52 MP: 9/17
  6122 | D:4      | Reached * piety under Hepliaklqana
  7003 | D:5      | Reached skill level 8 in Summonings
  7476 | D:5      | Learned a level 4 spell: Summon Lightning Spire
  7524 | D:5      | Found a shimmering altar of Xom.
  7536 | D:5      | Found a runed translucent door.
  7540 | D:5      | Noticed ooops's ghost (novice OpCj)
  7548 | D:5      | Gained mutation: You have a pair of horns on your head.
                  | [potion of mutation]
  7548 | D:5      | Gained mutation: You are covered in fur. (AC +1) [potion of
                  | mutation]
  7843 | D:6      | Noticed Blork the orc
  7852 | D:6      | Killed Blork the orc
  8096 | D:6      | Reached skill level 1 in Armour
  8233 | D:6      | Reached ** piety under Hepliaklqana
  8235 | D:6      | Remembered your ancestor Necuametl as a knight
  8378 | D:6      | Reached skill level 9 in Summonings
  8378 | D:6      | Reached XP level 9. HP: 51/51 MP: 12/20
  9140 | D:7      | Reached skill level 1 in Hexes
  9315 | D:7      | Found a flagged portal.
  9333 | Bailey   | Entered a bailey
  9398 | Bailey   | Noticed an orc knight
  9438 | Bailey   | Identified the ring "Ruoptiap" {Fly rPois rF++ Will+ MP-9}
  9494 | Bailey   | Reached skill level 10 in Summonings
  9743 | Bailey   | Killed an orc knight
  9744 | Bailey   | Reached XP level 10. HP: 56/56 MP: 17/23
 10058 | D:8      | Noticed a six-headed hydra
 10064 | D:8      | Killed a six-headed hydra
 10065 | D:8      | Reached skill level 10 in Spellcasting
 10209 | D:8      | Reached skill level 11 in Summonings
 10242 | D:8      | Reached *** piety under Hepliaklqana
 10471 | D:8      | Found a basalt altar of Yredelemnul.
 10546 | D:8      | Found a sparkling altar of Nemelex Xobeh.
 11389 | D:9      | Found a sacrificial altar of Ru.
 11450 | D:9      | Found an ancient bone altar of Kikubaaqudgha.
 11603 | D:9      | Noticed Joseph
 11617 | D:9      | Killed Joseph
 11838 | D:10     | Entered Level 10 of the Dungeon
 11881 | D:10     | Found a shadowy altar of Dithmenos.
 11904 | D:10     | Reached XP level 11. HP: 61/61 MP: 22/26
 11972 | D:10     | Found a staircase to the Lair.
 12000 | D:10     | Noticed Lodul
 12063 | D:10     | Killed Lodul
 12064 | D:10     | Reached skill level 12 in Summonings
 12064 | D:10     | Reached skill level 1 in Air Magic
 12371 | D:10     | Found a staircase to the Orcish Mines.
 12386 | D:10     | Reached **** piety under Hepliaklqana
 12755 | Gauntlet | Identified the "Qaklivud"
 12755 | Lair:1   | Entered Level 1 of the Lair of Beasts
 12977 | Lair:1   | You fall into a shaft and drop 1 floor!
 12978 | Lair:2   | Noticed an eight-headed hydra
 13105 | Lair:2   | Reached skill level 13 in Summonings
 13140 | Lair:2   | Noticed a death yak
 13140 | Lair:2   | Noticed happymeat's ghost (journeyman DEIE)
 13149 | Lair:2   | Found a transporter.
 13153 | Lair:2   | Found a transporter.
 13169 | Lair:2   | Killed an eight-headed hydra
 13268 | Lair:2   | Reached XP level 12. HP: 63/66 MP: 20/29
 13978 | Lair:2   | Found a staircase to the Swamp.
 14301 | Lair:1   | Noticed Prince Ribbit
 14327 | Lair:1   | Killed Prince Ribbit
 14334 | Lair:1   | Reached skill level 14 in Summonings
 14701 | Lair:1   | Learned a level 7 spell: Summon Hydra
 14794 | Lair:1   | Reached ***** piety under Hepliaklqana
 15351 | Lair:3   | Noticed a death yak
 15355 | Lair:3   | Killed a death yak
 15356 | Lair:3   | Noticed a death yak
 15357 | Lair:3   | Noticed a death yak
 15358 | Lair:3   | Noticed a death yak
 15360 | Lair:3   | Killed a death yak
 15362 | Lair:3   | Noticed a death yak
 15362 | Lair:3   | Killed a death yak
 15362 | Lair:3   | Killed a death yak
 15363 | Lair:3   | Killed a death yak
 15364 | Lair:3   | Noticed a death yak
 15602 | Lair:3   | Noticed a catoblepas
 15631 | Lair:3   | Reached skill level 15 in Summonings
 15793 | Lair:3   | Killed a death yak
 15794 | Lair:3   | Mutation became permanent: You have a pair of small horns
                  | on your head. [demonic ancestry]
 15794 | Lair:3   | Gained mutation: You have a pair of horns on your head.
                  | [demonic ancestry]
 15794 | Lair:3   | Reached XP level 13. HP: 72/72 MP: 25/31
 15922 | Lair:3   | Found a runed translucent gate.
 15924 | Lair:3   | Found a runed translucent gate.
 15955 | Lair:3   | Found a hole to the Spider Nest.
 16221 | Lair:3   | Found a runed translucent gate.
 16395 | Lair:3   | Noticed Luilaip's ghost (journeyman GnFi)
 16670 | Lair:4   | Noticed Nessos
 17260 | Lair:3   | HP: 3/72 [poisoned by Nessos]
 17744 | D:11     | Noticed Erica
 17746 | D:11     | Killed Erica
 18089 | D:11     | Reached skill level 16 in Summonings
 18516 | D:12     | Reached skill level 15 in Spellcasting
 18613 | D:12     | Noticed Jorgrun
 18700 | D:12     | Killed Jorgrun
 20107 | Lair:4   | Killed Nessos
 20219 | Lair:4   | Learned a level 6 spell: Summon Cactus Giant
 20225 | Lair:4   | Learned a level 5 spell: Summon Forest
 20231 | Lair:4   | Learned a level 5 spell: Summon Mana Viper
 20437 | Lair:4   | Reached ****** piety under Hepliaklqana
 20912 | Lair:5   | Entered Level 5 of the Lair of Beasts
 21003 | Lair:5   | Reached XP level 14. HP: 77/77 MP: 10/33
 21296 | Lair:5   | Reached skill level 17 in Summonings
 22728 | Lair:5   | Found a staircase to the Slime Pits.
 23364 | D:13     | Reached skill level 18 in Summonings
 24201 | D:13     | Found a gate to the Vaults.
 24221 | D:13     | Reached skill level 1 in Translocations
 24391 | D:14     | Gained mutation: You sometimes gain a little power by
                  | taking damage. [demonic ancestry]
 24391 | D:14     | Reached XP level 15. HP: 81/81 MP: 31/36
 24449 | D:14     | Identified the +0 helmet "Ysinos" {rElec Int+3}
 25562 | D:15     | Entered Level 15 of the Dungeon
 25814 | D:15     | Identified the +8 sling of Fijin {elec, rPois Dex+3}
 25948 | D:15     | Found a staircase to the Depths.
 26423 | D:15     | Found a portal to a secret trove of treasure.
 27020 | Orc:1    | Entered Level 1 of the Orcish Mines
 27627 | Orc:1    | Found Ubedd's Distillery.
 27632 | Orc:1    | Bought a potion of magic for 96 gold pieces
 27632 | Orc:1    | Bought a potion of curing for 36 gold pieces
 27632 | Orc:1    | Bought a potion of curing for 36 gold pieces
 27632 | Orc:1    | Bought a potion of curing for 36 gold pieces
 27632 | Orc:1    | Bought a potion of heal wounds for 60 gold pieces
 27663 | Orc:1    | Found a transporter.
 27883 | Orc:2    | Entered Level 2 of the Orcish Mines
 27970 | Orc:2    | Found a staircase to the Elven Halls.
 28624 | Orc:2    | Reached skill level 19 in Summonings
 29552 | Orc:2    | Found Ofoifac's Antique Armour Boutique.
 29552 | Orc:2    | Found Isesch's Jewellery Boutique.
 29577 | Orc:2    | Found Orhonasi's Distillery.
 29582 | Orc:2    | Found Ifadghuem's General Store.
 29586 | Orc:2    | Bought 2 potions of curing for 72 gold pieces
 29586 | Orc:2    | Bought a potion of curing for 36 gold pieces
 29586 | Orc:2    | Bought a potion of curing for 36 gold pieces
 29587 | Orc:2    | Bought a scroll of blinking for 97 gold pieces
 29922 | Spider:1 | Entered Level 1 of the Spider Nest
 29925 | Spider:1 | Noticed an emperor scorpion
 29935 | Spider:1 | Killed an emperor scorpion
 30319 | Spider:1 | Noticed an emperor scorpion
 30337 | Spider:1 | Killed an emperor scorpion
 30995 | Spider:2 | Noticed Arachne
 31590 | Spider:2 | Killed Arachne
 31591 | Spider:2 | Reached XP level 16. HP: 53/87 MP: 18/38
 32029 | Spider:2 | Noticed Asterion
 32041 | Spider:2 | Killed from afar by Asterion

Illustrated notes

Levels and vault maps discovered:
D:1:      dpeg_arrival_simpleton_a, layout_basic, chequers_mini_garden
D:2:      layout_loops_corners, uniq_natasha
D:3:      layout_basic, gammafunk_ghost_icy, kennysheep_jessica_study
D:4:      layout_basic, minmay_temple_entry_glass, nicolae_ossuary_entry_plus
D:5:      layout_basic, mainiacjoe_overflow_alcove_4, ebering_ghost_sewer_d
D:6:      layout_basic, uniq_blork_the_orc
D:7:      layout_rooms, enter_bailey_7
D:8:      layout_rooms, nemelex_spade_bored_becter, mainiacjoe_overflow_chevrons
D:9:      layout_loops_cross, lemuel_crystal_altar,
          mainiacjoe_overflow_divided_tiny, uniq_joseph
D:10:     layout_loops_ring, nicolae_dithmenos_shadow_blocks, lair_entry_dummy,
          orc_0_dummy, uniq_lodul
D:11:     minmay_general_purpose_star, layout_cave_pools,
          gauntlet_entry_generic, uniq_erica
D:12:     layout_basic, nicolae_demonic_statue_gallery, uniq_jorgrun
D:13:     layout_loops_ring, ximxim_vaults_locker_room, lightli_wizard_tower
D:14:     layout_loops_corners, kennysheep_generic_room_13
D:15:     grunt_enter_depths_hoard, layout_basic, minmay_crystal_room,
          enter_trove_1
Temple:   nicolae_temple_bog_church
Lair:1:   layout_cave_shapes, uniq_prince_ribbit2
Lair:2:   layout_gridlike, mainiacjoe_swamp_entry_angry_trees,
          gammafunk_ghost_arena, beast_lair_carwin_9
Lair:3:   layout_cave_pods, hellmonk_spider_entry_life_and_decay,
          ebering_ghost_rock_garden, minivault_11, grunt_forest_large_clearings
Lair:4:   layout_cave_pods, pond, uniq_nessos
Lair:5:   minmay_lair_end_frog_pond, layout_regular_city, slime_entry_2
Spider:1: layout_spider_delve, nicolae_spider_spiderdrome
Spider:2: layout_spider_delve, nicolae_spider_eight_legs, uniq_arachne,
          uniq_asterion, uniq_agnes
Orc:1:    emtedronai_trogs_sanctum, layout_diamond_mine, serial_shops,
          nicolae_shop_hallway_plus
Orc:2:    st_orc_mages, layout_diamond_mine, basic_altar, elf_legates

Skill      XL: |  1  2  3  4  5  6  7  8  9 10 11 12 13 14 15 |
---------------+----------------------------------------------+-----
Summonings     | 5 6 7 9 10 11 13 15 16 18 19 | 19.8
Spellcasting   | 3 4 5 6 7 9 11 13 14 15 17 18 | 18.7
Stealth        | 2 |  2.9
Armour         | 1 2 3 |  3.3
Hexes          | 1 2 3 4 |  4.6
Air Magic      | 1 2 |  2.1
Dodging        | 2 |  2.5
Translocations | 1 |  1.6
Fighting       | |  0.5
Short Blades   | |  0.6
Ranged Weapons | |  0.3
Shields        | |  0.3

Action                     |  1- 3 |  4- 6 |  7- 9 | 10-12 | 13-15 | 16-18 || total
---------------------------+-------+-------+-------+-------+-------+-------++-------
  Melee: Unarmed           |     7 |       |       |       |       |       ||     7
         Club              |     1 |       |       |       |       |       ||     1
         Dagger            |     5 |    25 |    12 |    28 |    39 |       ||   109
         Headbutt          |       |     6 |     2 |     3 |    16 |       ||    27
         Punch             |       |     2 |       |       |     1 |       ||     3
   Fire: Sling             |       |       |       |       |     2 |     5 ||     7
   Cast: Summon Small Mamm |    28 |    26 |    44 |    58 |    18 |       ||   174
         Call Imp          |    12 |    21 |    76 |    68 |    47 |       ||   224
         Call Canine Famil |     5 |    25 |    78 |    71 |   135 |     2 ||   316
         Summon Guardian G |       |       |    53 |    69 |    88 |       ||   210
         Summon Lightning  |       |       |       |    58 |    65 |       ||   123
         Summon Hydra      |       |       |       |     3 |   173 |    17 ||   193
         Summon Mana Viper |       |       |       |       |   102 |     7 ||   109
         Summon Cactus Gia |       |       |       |       |    91 |     3 ||    94
         Summon Forest     |       |       |       |       |    93 |     2 ||    95
 Invoke: Ancestor Life: Kn |       |       |     1 |       |       |       ||     1
         Recall Ancestor   |       |       |       |     5 |     4 |       ||     9
    Use: Scroll            |     6 |     4 |     5 |     2 |     3 |       ||    20
         Potion            |     3 |     2 |     2 |     2 |     7 |       ||    16
   Stab: Paralysed         |       |     1 |       |       |     2 |       ||     3
         Distracted        |       |       |       |       |     2 |       ||     2
 Armour: Robe              |    15 |       |       |       |       |       ||    15
         Leather armour    |     4 |    18 |    32 |    94 |   133 |    18 ||   299
  Dodge: Dodged            |    14 |    14 |    23 |    43 |    66 |    11 ||   171
  Block: Buckler           |       |       |       |       |     6 |     6 ||    12

Table legend: (Time is in decaauts)
 A = Elapsed time spent in this place.
 B = Non-inter-level travel time spent in this place.
 C = Inter-level travel time spent in this place.
 D = Time resting spent in this place.
 E = Time spent auto-exploring this place.
 F = Levels seen in this place.
 G = Mean time per level.
                   A        B        C        D        E       F      G
               +--------+--------+--------+--------+--------+-----+--------+
         Total |  32124 |  30270 |   1854 |    490 |  23692 |  27 | 1189.8 |
       Dungeon |  18008 |  17020 |    988 |    288 |  13692 |  15 | 1200.5 |
        Temple |     30 |      2 |     28 |      0 |      0 |   1 |   30.0 |
          Lair |   7863 |   7254 |    609 |    190 |   5525 |   5 | 1572.6 |
   Spider Nest |   2127 |   1990 |    137 |      0 |   1661 |   2 | 1063.5 |
  Orcish Mines |   2820 |   2730 |     90 |     12 |   2060 |   2 | 1410.0 |
       Ossuary |    653 |    653 |      0 |      0 |    452 |   1 |  653.0 |
        Bailey |    621 |    621 |      0 |      0 |    300 |   1 |  621.0 |
               +--------+--------+--------+--------+--------+-----+--------+

Top non-repeatable levels by time:
  Lair:3: 2072 daAuts
  Lair:5: 2020 daAuts
   Orc:2: 1818 daAuts
     D:2: 1771 daAuts
     D:5: 1731 daAuts
  Lair:2: 1612 daAuts
    D:12: 1590 daAuts
     D:4: 1514 daAuts
    D:15: 1358 daAuts
    D:13: 1353 daAuts
    D:14: 1266 daAuts
     D:3: 1169 daAuts
Spider:1: 1128 daAuts
     D:6: 1103 daAuts
  Lair:4: 1086 daAuts
